 Dungeon Crawl Stone Soup version 0.31-a0-267-g3fc6992b3b (webtiles) character file.

Game seed: 16310929648614712958

71 qw the Shooter (level 4, -5/26 HPs)
             Began as a Gargoyle Hexslinger on July 14, 2023.
             Slain by an orc
             ... wielding a +0 morningstar
              (9 damage)
             ... on level 2 of the Dungeon.
             The game lasted 00:00:39 (1288 turns).

qw the Shooter (Gargoyle Hexslinger)                Turns: 1288, Time: 00:00:39

Health: -5/26      AC: 11    Str: 11    XL:     4   Next: 24%
Magic:  5/5        EV: 10    Int: 14    God:
Gold:   51         SH:  0    Dex: 14    Spells: 4/5 levels left

rFire   + . .        Y - +1 sling
rCold   . . .        (no shield)
rNeg    + + .        k - +0 ring mail
rPois   inf          (no helmet)
rElec   +            (no cloak)
rCorr   +            c - +0 pair of gloves
SInv    .            b - +1 pair of boots of the Mackerel {rN+}
Will    .....        (no amulet)
Stlth   +            e - ring of protection from fire
HPRegen 0.24/turn    l - ring of resist corrosion
MPRegen 0.09/turn

%: no passive effects
@: no status effects
A: sickness immunity, AC +3, negative energy resistance 1, electricity
resistance, torment resistance 1, petrification resistance
a: no special abilities


You were on level 2 of the Dungeon.
You visited 1 branch of the dungeon, and saw 3 of its levels.

You collected 97 gold pieces.
You spent 46 gold pieces at shops.


Innate Abilities, Weirdness & Mutations

You are immune to sickness and miasma.
Your stone body is resilient. (AC +3)
You are immune to poison.
You resist negative energy. (rN+)
You are resistant to electric shocks. (rElec)
You are resistant to unholy torment.
You are immune to petrification.


   Skills:
 - Level 2.0 Fighting
 + Level 3.7 Ranged Weapons
 - Level 1.3 Armour
 - Level 1.5 Dodging
 - Level 1.0 Spellcasting
 - Level 2.6 Hexes


You had 4 spell levels left.
You knew the following spells:

 Your Spells              Type           Power      Damage    Failure   Level
a - Slow                  Hex            32%        N/A       21%         1

Your spell library contained the following spells:

 Spells                   Type           Power      Damage    Failure   Level
 Inner Flame              Hex/Fire       4%         N/A       71%         3
 Portal Projectile        Hex/Tloc       8%         N/A       71%         3
 Cause Fear               Hex            4%         N/A       90%         4

Inventory:

Hand Weapons
 Y - a +1 sling (weapon)
Armour
 b - the +1 pair of boots of the Mackerel (worn) {rN+}
   (You found it on level 2 of the Dungeon)

   rN:        It protects you from negative energy.
 c - a +0 pair of gloves (worn)
 k - a +0 ring mail (worn)
Jewellery
 e - a ring of protection from fire (left hand)
 l - a ring of resist corrosion (right hand)
Scrolls
 j - a scroll of identify
Potions
 d - a potion of magic {unknown}
 h - a potion of might
 i - a potion of invisibility {unknown}

Dungeon Overview and Level Annotations

Branches:
Dungeon (3/15)

Altars:

Shops:
D:1 *:([!

Annotations:
D:1 2 transporters


Message History

The sling bullet completely misses the orc.
The adder bites you but does no damage. The orc hits you with a +0 dagger.
The orc hits you with a +0 morningstar. The adder bites you but does no damage.
You shoot a sling bullet.
The sling bullet hits the orc but does no damage.
The orc hits you but does no damage. The orc hits you with a +0 morningstar.
The adder bites you but does no damage. The orc misses you.
The orc barely misses you. The adder misses you.
You shoot a sling bullet. The sling bullet hits the orc!
You kill the orc!
The adder bites you. The orc closely misses you.
You shoot a sling bullet. The sling bullet hits the adder.
The adder is moderately wounded.
The adder bites you but does no damage. The orc closely misses you.
The adder bites you but does no damage.
The orc jeers loudly.
The orc barely misses you.
You shoot a sling bullet.
The sling bullet closely misses the adder.
The adder bites you but does no damage. The adder completely misses you.
The orc hits you with a +0 morningstar.
You shoot a sling bullet. The sling bullet hits the adder.
The adder is severely wounded.
The adder barely misses you. The orc closely misses you.
The adder barely misses you.
You shoot a sling bullet.
The sling bullet closely misses the adder.
The adder barely misses you. The orc closely misses you.
The adder bites you but does no damage. The orc hits you but does no damage.
You shoot a sling bullet. The sling bullet hits the adder.
You kill the adder!
The orc hits you but does no damage.
Your Armour skill increases to level 1!
You shoot a sling bullet.
The sling bullet closely misses the orc.
The orc hits you with a +0 morningstar!
You shoot a sling bullet. The sling bullet hits the orc.
The orc is severely wounded.
The orc hits you with a +0 morningstar!
You die...

###.........<#
.##..).......#####
.##..........?...#
.##..............#
.##..............#
.#...............#
...##............#
..####.##......o.#
................@#
>####..##......).#
#####.###........#
......# ###.######
.###### ##.# .#
#..# .# ###.##
.### #...# ...#
#.###


You could see an orc.

Vanquished Creatures
  An adder (D:2)
  A worm (D:2)
  A dart slug (D:2)
  3 orcs
  2 bats (D:1)
  8 endoplasms
  3 giant cockroaches
  5 goblins (D:1)
  4 hobgoblins
  2 jackals (D:1)
  3 kobolds
  A quokka (D:1)
  5 ball pythons
  A frilled lizard (D:1)
  8 rats
48 creatures vanquished.

Notes
Turn   | Place    | Note
-------+----------+-------------------------------------------
     0 | D:1      | qw the Gargoyle Hexslinger began the quest for the Orb.
     0 | D:1      | Reached XP level 1. HP: 12/12 MP: 2/2
     0 | D:1      | 0 ||| qw: Version: 0.3-a-52-g30416fa
     0 | D:1      | 0 ||| qw: Game counter: 7830
     0 | D:1      | 0 ||| qw: Melee chars always use a shield: true
     0 | D:1      | 0 ||| qw: God list: Okawaru
     0 | D:1      | 0 ||| qw: Allow faded altars: false
     0 | D:1      | 0 ||| qw: Do Orc after clearing Dungeon:15 true
     0 | D:1      | 0 ||| qw: Do second Lair branch before Depths: true
     0 | D:1      | 0 ||| qw: Lair rune preference: random
     0 | D:1      | 0 ||| qw: Goals: Normal
     0 | D:1      | 0 ||| PLANNING D:1-11
    67 | D:1      | Found a transporter.
    69 | D:1      | Found Zeicveuc's Distillery.
   143 | D:1      | Reached XP level 2. HP: 16/16 MP: 3/3
   146 | D:1      | Found Zeefuy's Book Shop.
   168 | D:1      | Found Quosekh's Weapon Emporium.
   179 | D:1      | Found Qeumi's Armour Shoppe.
   188 | D:1      | 188 ||| BUYING +0 leather armour (20 gold).
   188 | D:1      | Bought a +0 leather armour for 20 gold pieces
   188 | D:1      | 188 ||| SHOPLISTING +2 pair of boots of flying (215 gold,
                  | have 6).
   286 | D:1      | Reached skill level 3 in Ranged Weapons
   389 | D:1      | Reached XP level 3. HP: 21/21 MP: 4/4
   517 | D:1      | Found Qiedorest's General Store.
   528 | D:1      | 528 ||| SHOPLISTING 2 scrolls of teleportation (78 gold,
                  | have 35).
   528 | D:1      | 528 ||| SHOPLISTING potion of haste (130 gold, have 35).
   528 | D:1      | 528 ||| BUYING scroll of identify (26 gold).
   528 | D:1      | Bought a scroll of identify for 26 gold pieces
   689 | D:1      | Found a transporter.
   773 | D:1      | 773 ||| UPGRADING to +0 leather armour.
   783 | D:1      | 783 ||| DROPPING +0 robe.
   784 | D:1      | 784 ||| UPGRADING to ring of protection from fire.
   785 | D:1      | 785 ||| DROPPING ring of magical power.
   786 | D:1      | 786 ||| READING scroll labelled ANAKUISANG.
   787 | D:1      | 787 ||| READING 2 scrolls of identify.
   787 | D:1      | 787 ||| IDENTIFYING fizzy brown potion
   788 | D:1      | 788 ||| DROPPING scroll of poison.
   870 | D:2      | Identified the +1 pair of boots of the Mackerel {rN+}
  1236 | D:2      | 1236 ||| UPGRADING to +1 pair of boots of the Mackerel
                  | {rN+}.
  1241 | D:2      | 1241 ||| UPGRADING to +0 pair of gloves.
  1246 | D:2      | 1246 ||| UPGRADING to +0 ring mail.
  1256 | D:2      | 1256 ||| DROPPING +0 leather armour.
  1257 | D:2      | 1257 ||| UPGRADING to ring of resist corrosion.
  1258 | D:2      | 1258 ||| READING scroll labelled ROVYWK MURROEV.
  1259 | D:2      | 1259 ||| READING 2 scrolls labelled OFEPRA UTIUR.
  1260 | D:2      | 1260 ||| READING scroll labelled MITUYJUSAPH.
  1261 | D:2      | 1261 ||| DROPPING scroll of blinking.
  1274 | D:3      | Reached XP level 4. HP: 26/26 MP: 5/5
  1277 | D:3      | 1277 ||| STAIRDANCE
  1287 | D:2      | Reached skill level 1 in Armour
  1287 | D:2      | HP: 3/26 [orc/+0 morningstar (8)]
  1288 | D:2      | Slain by an orc

Levels and vault maps discovered:
D:1:      minmay_arrival_five_plusses, layout_basic, serial_shops, shop, shop,
          nicolae_shop_drivethru, shop, shop, hangedman_decor_lopped
D:2:      layout_rooms
D:3:      layout_basic, nicolae_overflow_hallway_of_the_gods,
          ebering_ghost_sewer_d, uniq_sigmund, uniq_grinder

Skill      XL: |  1  2  3  4 |
---------------+-------------+-----
Ranged Weapons | 3 |  3.7
Fighting       | 2 |  2.0
Armour         | 1 |  1.3
Dodging        | |  1.5
Spellcasting   | |  1.0
Hexes          | |  2.6

Action                     |  1- 3 |  4- 6 || total
---------------------------+-------+-------++-------
   Fire: Sling             |   132 |    13 ||   145
    Use: Scroll            |     5 |       ||     5
 Armour: Robe              |     9 |       ||     9
         Leather armour    |     4 |       ||     4
         Ring mail         |       |    18 ||    18
  Dodge: Dodged            |    35 |    19 ||    54

Table legend:
 A = Non-vault XP
 B = Vault XP
 C = Vault XP percentage of total XP
 D = Non-vault monster count
 E = Vault monster count
 F = Vault count percentage of total count
                 A         B        C        D         E       F
            +---------+---------+-------+---------+---------+-------
      Total |     102 |       0 |   0.0 |      48 |       0 |   0.0
            +---------+---------+-------+---------+---------+-------
        D:1 |      50 |       0 |   0.0 |      29 |       0 |   0.0
        D:2 |      45 |       0 |   0.0 |      16 |       0 |   0.0
        D:3 |       7 |       0 |   0.0 |       3 |       0 |   0.0
            +---------+---------+-------+---------+---------+-------
